 Dungeon Crawl Stone Soup version 0.21-a0-508-gf08a75f (webtiles) character file.

13 champy the Sneak (level 2, 19/19 HPs)
             Began as an Octopode Assassin on Nov 28, 2017.
             Quit the game on level 1 of the Dungeon.
             The game lasted 00:07:27 (759 turns).

champy the Sneak (Octopode Assassin)                 Turns: 759, Time: 00:07:28

Health: 19/19      AC:  1    Str: 10    XL:     2   Next: 37%
Magic:  2/2        EV: 13    Int: 13    God:
Gold:   27         SH:  0    Dex: 13    Spells: 1/1 levels left

rFire    . . .     SeeInvis .   a - +2 dagger
rCold    . . .     Gourm    .   (no shield)
rNeg     . . .     Faith    .   (helmet restricted)
rPois    .         Spirit   .   (no amulet)
rElec    .         Reflect  .   (no ring)
rCorr    .         Harm     .   (no ring)
MR       .....                  (no ring)
Stlth    ++++......             (no ring)
HPRegen  0.06/turn              (no ring)
MPRegen  0.08/turn              (no ring)
                                (no ring)
                                (no ring)

@: no status effects
A: almost no armour, stealthy swim, amphibious, 8 rings, constrict 8, camouflage
1, gelatinous body 1
a: no special abilities


You were on level 1 of the Dungeon.
You were not hungry.

You visited 1 branch of the dungeon, and saw 1 of its levels.

You collected 27 gold pieces.

Inventory:

Hand Weapons
 a - a +2 dagger (weapon)
 b - a +0 blowgun
 e - a +0 club
 i - a +0 club
 j - a +0 whip
Missiles
 c - 7 poisoned needles
 d - 2 curare-tipped needles
Armour
 h - a +0 centaur barding
Comestibles
 f - a bread ration
 g - a meat ration


   Skills:
 + Level 2.0 Fighting
 + Level 2.3 Short Blades
 + Level 2.0 Throwing
 + Level 1.0 Dodging
 + Level 5.9 Stealth


You had one spell level left.
You didn't know any spells.

Dungeon Overview and Level Annotations

Branches:
Dungeon (1/15)

Altars:


Innate Abilities, Weirdness & Mutations

You cannot wear most types of armour.
You are very stealthy in the water. (Stealth+)
You are amphibious.
You can wear up to eight rings at the same time.
You can use your tentacles to constrict eight enemies at once.
Your skin changes colour to match your surroundings (Stealth+).
Your rubbery body absorbs attacks. (AC +1, EV +1)


Message History

You see here a stone.
The kobold throws a stone.
The stone barely misses you.
You miss the kobold. Your grab misses the kobold.
The kobold is severely wounded.
The kobold looks more healthy.
The kobold hits you with a whip.
You closely miss the kobold. You grab the kobold.
The kobold is severely wounded.
You constrict the kobold.
You kill the kobold!
You see here a whip.
j - a whip Wield which item (- for none, * to show all)? (? for menu, Esc to quit)
Okay, then.
Found 20 stones.
c - 7 poisoned needles (gained 1)
You start resting.
HP restored.
You see here 2 stones.
Enter note: Are you sure you want to abandon this character and quit the game? (Confirm with "yes".)

######### #.......#
#####.#...#.#
#......###..####### ##.....##
##.......# #(....## ##.#.....
#.....# #.#.##.. ##.....##
##(#.##.. #(..@...##
##.##.##..
#.###..#.###.###>###. #...#
#.# #..##...####.###. #...#
#.# #..##............
###...#### #.#
#..##.......###.# .........
#.# #..##.......# #.#
..............###...........#
#.#
........(.######..###.......#
#^# #...## #<..# #.......#
#.#


There were no monsters in sight!

Vanquished Creatures
  A dart slug (D:1)
  3 bats (D:1)
  A giant cockroach (D:1)
  2 hobgoblins (D:1)
  A goblin (D:1)
  A kobold (D:1)
  A rat (D:1)
10 creatures vanquished.

Notes
Turn   | Place    | Note
-------+----------+-------------------------------------------
     0 | D:1      | champy the Octopode Assassin began the quest for the Orb.
     0 | D:1      | Reached XP level 1. HP: 14/14 MP: 1/1
   384 | D:1      | Reached XP level 2. HP: 19/19 MP: 2/2
   759 | D:1      | Quit the game

Vault maps used:
D:1:      saegor_arrival_simple_a, st_stairs_11

Action                   || total
-------------------------++-------
Melee: Dagger            ||    11
       Constrict         ||     4
       Tentacles         ||     1
 Fire: Blowgun           ||     9
  Use: Potion            ||     1
 Stab: Sleeping          ||     1
Armor: Skin              ||     3
Dodge: Dodged            ||    18

Table legend:
 A = Spawn XP
 B = Non-spawn XP
 C = Spawn XP percentage of total XP
 D = Spawn monster count
 E = Non-spawn monster count
 F = Spawn count percentage of total count
 G = Total turns spent on level
                    A         B        C        D         E        F      G
               +---------+---------+-------+---------+---------+-------+---------
         Total |       0 |      19 |   0.0 |       0 |      10 |   0.0 |   759
               +---------+---------+-------+---------+---------+-------+---------
           D:1 |       0 |      19 |   0.0 |       0 |      10 |   0.0 |   759
               +---------+---------+-------+---------+---------+-------+---------
